 Dungeon Crawl Stone Soup version 0.29-a0-575-g0dc89cf053 (webtiles) character file.

Game seed: 7600917535512203291

104 greasedhog the Vandal (level 5, -16/38 HPs)
             Began as a Formicid Hunter on June 12, 2022.
             Demolished by an orc
             ... wielding a +2 morningstar of protection
              (20 damage)
             ... on level 3 of the Dungeon.
             The game lasted 00:03:17 (1901 turns).

greasedhog the Vandal (Formicid Hunter)             Turns: 1901, Time: 00:03:18

Health: -16/38     AC:  3    Str: 15    XL:     5   Next: 7%
Magic:  5/5        EV: 12    Int:  9    God:
Gold:   75         SH:  0    Dex: 16    Spells: 4/4 levels left

rFire   . . .      SeeInvis +   a - +1 hunting sling
rCold   . . .      Faith    .   (no shield)
rNeg    . . .      Spirit   .   b - +0 leather armour
rPois   .          Reflect  .   (helmet unavailable)
rElec   .          Harm     .   (no cloak)
rCorr   .          Rampage  .   (no gloves)
Will    .....                   (no boots)
Stlth   ++........              (no amulet)
HPRegen 0.12/turn               (no ring)
MPRegen 0.09/turn               (no ring)

@: no status effects
A: permanent stasis, dig shafts and tunnels, antennae 3, four strong arms
a: Dig, Shaft Self


You were on level 3 of the Dungeon.
You visited 1 branch of the dungeon, and saw 3 of its levels.

You collected 75 gold pieces.

Inventory:

Hand Weapons
 a - a +1 hunting sling (weapon)
Armour
 b - a +0 leather armour (worn)
Jewellery
 f - a ring of ice
Scrolls
 c - 2 scrolls of immolation
 d - 2 scrolls of enchant armour
 e - 2 scrolls of identify
 n - a scroll of blinking {unknown}
Potions
 h - a potion of ambrosia {unknown}
 j - a potion of heal wounds {unknown}
 k - a potion of might
 l - a potion of flight {unknown}
 m - a potion of brilliance {unknown}


   Skills:
 - Level 2.1 Fighting
 * Level 5.6 Slings
 - Level 1.7 Dodging
 * Level 4.1 Stealth


You had 4 spell levels left.
You didn't know any spells.
Your spell library contained the following spells:

 Spells                   Type           Power      Damage    Failure   Level
 Ozocubu's Armour         Ice            0%         N/A       83%         3
 Ozocubu's Refrigeration  Ice            0%         4d5       100%        7


Dungeon Overview and Level Annotations

Branches:
Dungeon (3/15)

Altars:
Gozag

Shops:
D:2 (


Innate Abilities, Weirdness & Mutations

You cannot be hasted, slowed, berserked, paralysed or teleported.
You can dig through walls and to a lower floor.
You have a pair of large antennae on your head. (SInv)
Your four strong arms can wield two-handed weapons with a shield.


Message History

Aim: an orc, wielding a +2 morningstar of protection and wearing a +0 scale mail (65% to hit)
You shoot a sling bullet.
The sling bullet closely misses the orc.
Fire: a) +1 hunting sling
Press: ? - help, Q - select action, (/) - cycle Shift-Dir - straight line, f/p - orc
Aim: an orc, wielding a +2 morningstar of protection and wearing a +0 scale mail (65% to hit)
You shoot a sling bullet.
The sling bullet hits the orc but does no damage.
The orc drinks a potion.
The orc seems to grow stronger.
You shoot a sling bullet.
The sling bullet closely misses the orc.
The orc hits you but does no damage.
Fire: a) +1 hunting sling
Press: ? - help, Q - select action, (/) - cycle Shift-Dir - straight line, f/p - orc
Aim: an orc, wielding a +2 morningstar of protection and wearing a +0 scale mail (strong, 65% to hit)
You shoot a sling bullet.
The sling bullet hits the orc but does no damage.
The orc closely misses you.
Fire: a) +1 hunting sling
Press: ? - help, Q - select action, (/) - cycle Shift-Dir - straight line, f/p - orc
Aim: an orc, wielding a +2 morningstar of protection and wearing a +0 scale mail (strong, 65% to hit)
You shoot a sling bullet. The sling bullet hits the orc.
The orc is heavily wounded.
The orc hits you with a +2 morningstar of protection!
* * * LOW HITPOINT WARNING * * *
The orc misses you.
You feel better. The orc closely misses you.
Fire: a) +1 hunting sling
Press: ? - help, Q - select action, (/) - cycle Shift-Dir - straight line, f/p - orc
Aim: an orc, wielding a +2 morningstar of protection and wearing a +0 scale mail (heavily wounded, strong, 65% to hit)
You shoot a sling bullet. The sling bullet barely misses the orc.
The orc barely misses you.
The orc hits you with a +2 morningstar of protection!
* * * LOW HITPOINT WARNING * * *
Really read the scroll of poison?
The air fills with toxic fumes!
As you read the scroll of poison, it crumbles to dust.
The orc hits you with a +2 morningstar of protection!!
Ouch! That really hurt!
You die...

##+## ##§§§## ##§§§§§##
##§§§§§§§## .
..#.##§§§§§@§§§####...#
....§§§§§§§§o§§§§§§....
..###§§§§§§§§§§####...#
#§#§§§§§§§## .
#.##§§§§§## # ##§§§##
##§## #§ #.


You could see an orc (strong).

Vanquished Creatures
  3 gnolls (D:3)
  2 adders (D:2)
  A worm (D:2)
  A dart slug (D:1)
  3 orcs (D:3)
  4 ball pythons
  2 endoplasms
  2 giant cockroaches
  6 goblins
  4 hobgoblins
  4 jackals (D:1)
  A quokka (D:2)
  2 bats
  2 frilled lizards (D:2)
  4 kobolds
  5 rats
46 creatures vanquished.

Notes
Turn   | Place    | Note
-------+----------+-------------------------------------------
     0 | D:1      | greasedhog the Formicid Hunter began the quest for the Orb.
     0 | D:1      | Reached XP level 1. HP: 16/16 MP: 1/1
   140 | D:1      | Reached XP level 2. HP: 15/22 MP: 2/2
   836 | D:1      | Reached XP level 3. HP: 27/27 MP: 3/3
  1127 | D:2      | Reached skill level 5 in Slings
  1138 | D:2      | Found a faded altar of an unknown god.
  1266 | D:2      | Found Mittan's Antique Weapon Shop.
  1337 | D:2      | Reached XP level 4. HP: 29/33 MP: 4/4
  1424 | D:2      | Found an opulent altar of Gozag.
  1804 | D:2      | Identified the +3 ring mail of Sophism {Regen+ Int+4}
  1844 | D:3      | Reached XP level 5. HP: 13/38 MP: 5/5
  1901 | D:3      | Demolished by an orc

Illustrated notes

Levels and vault maps discovered:
D:1:      dpeg_arrival_central, layout_basic, serial_rivers,
          chequers_serial_rivers_large_b, chequers_serial_rivers_micro_b,
          chequers_serial_rivers_marsh, chequers_serial_rivers_micro_c,
          kennysheep_nondescript
D:2:      layout_basic, ebering_ecumenical_altar_abandoned, serial_shops, shop,
          basic_altar, minmay_hexomino_c4
D:3:      layout_loops_corners, nicolae_wu_jian_immortal_techniques,
          kennysheep_flooded_box, minmay_close_crescents

Skill      XL: |  1  2  3  4 |
---------------+-------------+-----
Stealth        | 2 3 4 |  4.1
Slings         | 5 |  5.6
Fighting       | |  2.1
Dodging        | |  1.7

Action                   |  1- 3 |  4- 6 || total
-------------------------+-------+-------++-------
 Fire: Hunting sling     |    91 |    77 ||   168
  Use: Scroll            |     4 |     1 ||     5
       Potion            |       |     1 ||     1
Armor: Leather armour    |    10 |     2 ||    12
Dodge: Dodged            |    16 |    23 ||    39

Table legend: (Time is in decaauts)
 A = Elapsed time spent in this place.
 B = Non-inter-level travel time spent in this place.
 C = Inter-level travel time spent in this place.
 D = Time resting spent in this place.
 E = Time spent auto-exploring this place.
 F = Levels seen in this place.
 G = Mean time per level.
                   A        B        C        D        E       F      G
               +--------+--------+--------+--------+--------+-----+--------+
         Total |   1976 |   1939 |     37 |     37 |   1586 |   3 |  658.7 |
       Dungeon |   1976 |   1939 |     37 |     37 |   1586 |   3 |  658.7 |
               +--------+--------+--------+--------+--------+-----+--------+

Top non-repeatable levels by time:
     D:1: 1163 daAuts
     D:2: 716 daAuts
     D:3: 97 daAuts
